cohdb
Replays
Latest Replays
All Replays
Popular Replays
Top Player Replays
Match Explorer
How It Works
Community
CoH3 Stats
Reddit
Sign in to upload your games and track your stats! →
Sign in with Steam
Match 47042758
Unlisted
Match 47042758
Overview
Messages
Build Orders
End
Royal Engineer Section
Construct Section Command Post
Selects Indian Artillery Battlegroup
Infantry Section
ML 3-inch Mortar Team
Construct Field Infirmary
Infantry Section
Construct Platoon Command Post
Humber Armored Car
Selects Valour
Grenade Package
6-pounder Anti-tank Gun Team
Unlock Bishop Self-propelled Artillery
Selects Gurkha Rifles Section
Selects Artillery Saturation
Vickers Machine Gun Team
Bishop Self-propelled Artillery
Gurkha Rifles Section
NooJ
brownguy1730
Imperiale
Herogus3xD
0
0
Comments
sign in to comment!
No comments posted yet!